 Dungeon Crawl Stone Soup version 0.25.1-2-g60ff931df9 (webtiles) character file.

Game seed: 10318086880906850829

15082 DildoBatman the Geomancer (level 12, -12/86 HPs)
             Began as a Formicid Wizard on Sept 10, 2020.
             Was an Initiate of Gozag.
             Mangled by a large abomination (15 damage)
             ... in a Gauntlet.
             The game lasted 01:02:52 (11999 turns).

DildoBatman the Geomancer (Formicid Wizard)        Turns: 11999, Time: 01:02:53

Health: -12/86     AC:  9    Str: 15    XL:     12   Next: 53%
Magic:  0/20       EV: 13    Int: 28    God:    Gozag
Gold:   235        SH:  9    Dex:  9    Spells: 4/25 levels left

rFire    . . .     SeeInvis +   a - +6 quarterstaff of the Dwarven Hall {vorpal, rPois rN+}
rCold    + . .     Gourm    .   D - +0 kite shield
rNeg     + . .     Faith    .   Q - +1 steam dragon scales
rPois    +         Spirit   .   (helmet unavailable)
rElec    .         Reflect  .   E - +0 cloak
rCorr    .         Harm     .   (no gloves)
MR       ++...                  (no boots)
Stlth    ++........             (no amulet)
HPRegen  0.24/turn              h - ring "Fenet" {rPois rC+ MR+}
MPRegen  0.17/turn              X - +6 ring of intelligence

@: very slightly contaminated, studying Dodging, lightly drained, invisible
A: permanent stasis, dig shafts and tunnels, four strong arms, antennae 3, low
mp 1, shaggy fur 1, strong 1
a: Dig, Shaft Self, Potion Petition, Call Merchant, Bribe Branch, Renounce
Religion


You were in a Gauntlet.
You worshipped Gozag.
Gozag was aware of your devotion.
You were not hungry.

You visited 2 branches of the dungeon, and saw 12 of its levels.
You also visited: Gauntlet.

You collected 1162 gold pieces.
You spent 324 gold pieces at shops.
You paid 603 gold pieces to Gozag.

Inventory:

Hand Weapons
 a - the +6 quarterstaff of the Dwarven Hall (weapon) {vorpal, rPois rN+}
   (You took it off an orc wizard on level 7 of the Dungeon)

   It inflicts extra damage upon your enemies.
   It protects you from poison.
   It protects you from negative energy.
 c - a +0 hunting sling
 d - a +1 dagger of venom
 e - a +0 trident
 f - the +3 dagger "Qavuph" {flame, *Slow +Inv rN+++ Str-5}
   (You found it on level 10 of the Dungeon)

   It has been specially enchanted to burn those struck by it, causing extra
   injury to most foes and up to half again as much damage against particularly
   susceptible opponents.
   It affects your strength (-5).
   It renders you almost immune to negative energy.
   It lets you turn invisible.
   It may slow you when you take damage.
Missiles
 j - 114 arrows
 t - 32 poisoned darts (quivered)
 y - 67 bolts
 C - 4 boomerangs
 G - 458 stones
 K - 187 sling bullets
Armour
 b - a +2 leather armour of cold resistance
 D - a +0 kite shield (worn)
 E - a +0 cloak (worn)
 Q - +1 steam dragon scales (worn)
Magical Staves
 M - an uncursed staff of fire
Jewellery
 h - the ring "Fenet" (left hand) {rPois rC+ MR+}
   (You found it in a Gauntlet)

   [ring of protection from cold]

   It protects you from cold.
   It protects you from poison.
   It affects your resistance to hostile enchantments.
 i - the ring "Xuxt" {*Tele Dex+3}
   (You found it on level 2 of the Dungeon)

   [ring of teleportation]

   It may teleport you next to monsters.
   It affects your dexterity (+3).
 q - an uncursed ring of protection from magic
 O - an uncursed amulet of guardian spirit
 V - an uncursed ring of resist corrosion
 X - a +6 ring of intelligence (right hand)
Wands
 w - a wand of disintegration (27)
 T - a wand of flame (20)
 U - a wand of paralysis (12)
 W - a wand of iceblast (8)
Scrolls
 p - a scroll of immolation
 r - a scroll of random uselessness
 x - 7 scrolls of remove curse
 A - 4 scrolls of fear
 F - a scroll of fog
 I - 2 scrolls of blinking
 N - a scroll of silence
 P - a scroll of amnesia
Potions
 g - a potion of haste
 k - a potion of ambrosia {unknown}
 l - 2 potions of stabbing {unknown}
 m - a potion of cancellation {unknown}
 n - 2 potions of resistance
 s - 2 potions of invisibility
 H - 2 potions of degeneration {unknown}
 J - a potion of lignification {unknown}
 S - a potion of flight {unknown}
Books
 B - a manual of Dodging
Comestibles
 v - 14 rations


   Skills:
 - Level 5.6(5.4) Fighting
 - Level 5.6(5.4) Armour
 - Level 7.0(6.7) Dodging
 - Level 2.4(2.2) Stealth
 * Level 5.4(5.1) Shields
 - Level 7.0(6.7) Spellcasting
 - Level 6.0(5.7) Conjurations
   Level 1.0(0.8) Summonings
 - Level 9.0(8.7) Necromancy
   Level 0.8(0.6) Translocations
 - Level 5.0(4.7) Fire Magic
 - Level 5.0(4.7) Air Magic
 - Level 9.0(8.7) Earth Magic


You had 4 spell levels left.
You knew the following spells:

 Your Spells              Type           Power        Failure   Level  Hunger
a - Conjure Flame         Conj/Fire      #####...     4%          3    None
b - Borgnjor's Vile Clut  Necr/Erth      ######....   10%         5    #####..
c - Magic Dart            Conj           ####         1%          1    None
d - Vampiric Draining     Necr           ######....   1%          3    None
e - Mephitic Cloud        Conj/Pois/Air  ####....     9%          3    None
h - Dispel Undead         Necr           ######..     3%          4    ###....
z - Sublimation of Blood  Necr           ######....   1%          2    None

Your spell library contained the following spells:

 Spells                   Type           Power        Failure   Level  Hunger
 Animate Skeleton         Necr           N/A          1%          1    None
 Pain                     Necr           ####         1%          1    None
 Animate Dead             Necr           N/A          3%          4    ###....
 Call Imp                 Summ           ##......     14%         2    None
 Slow                     Hex            #.......     19%         2    None
 Death Channel            Necr           ######....   47%         6    ######.
 Excruciating Wounds      Chrm/Necr      ####......   52%         5    #####..
 Haunt                    Necr/Summ      #####.....   100%        7    #######
 Borgnjor's Revivificati  Necr           ######....   100%        8    #######
 Death's Door             Chrm/Necr      ####......   100%        8    #######
 Infestation              Necr           ######....   100%        8    #######
 Necromutation            Tmut/Necr      ####......   100%        8    #######
 Blink                    Tloc           Unusable     N/A         2    N/A

Dungeon Overview and Level Annotations

Branches:
Dungeon (11/15)            Temple (1/1) D:6            Lair (0/6) D:8
    Orc (0/2) D:10        Gauntlet (1/1)

Altars:
Ashenzari
Cheibriados
Dithmenos
Elyvilon
Fedhas
Gozag
Hepliaklqana
Kikubaaqudgha
Makhleb
Nemelex Xobeh
Okawaru
Qazlal
Ru
Sif Muna
Trog
Uskayaw
Vehumet
Wu Jian
Xom
Yredelemnul
Zin
The Shining One

Shops:
D:4 *   D:5 (

Portals:
Trove: D:10 (give +2 gold dragon scales)

Annotations:
D:6 exclusion: sensed monster (detected)
D:10 Josephine Gauntlet 8 transporters


Innate Abilities, Weirdness & Mutations

You cannot be hasted, slowed, berserked, paralysed or teleported.
You can dig through walls and to a lower floor.
Your four strong arms can wield two-handed weapons with a shield.
You have a pair of large antennae on your head. (SInv)
Your magical capacity is low. (-10% MP)
You are covered in fur. (AC +1)
Your muscles are strong. (Str +2)


Message History

Aim: a large abomination (severely damaged)
You miscast Borgnjor's Vile Clutch.
You are very lightly contaminated with residual magic.
You shiver with cold.
You partially resist.
You feel drained. The large abomination hits you!!
You need at least 400 gold to purchase potions right now!
Unknown command.
Unknown command.
Okay, then.
Unknown command.
Press: ? - help, v - describe, . - travel
Here: a large abomination (severely damaged)
The floor.
Okay, then.
You fade into invisibility!
The large abomination hits you!
You die...
Your body crumbles into a pile of gold.

###..###########...####
8#..#.........#...#...
##..#.........#...#...
#..#.#######.#...#...
###..##.#^#.#.##...#...
#8#..#....©$$$.#...#...
###..#$#.#.#.#.#...#...
#..#X#######.#...#...
###..#@^.....^.#...#...
#8#..#..!.©.[..#...#...
###..###########...####
#.....#.©.#....≈....#
#...8.#...#...≈8≈...#
8#.....#.©.#....≈§...#
###..###########§§.####
#..#........3#...#.≈.
#..#.#.....#.#...#.≈.


You could see a large abomination.

Vanquished Creatures
  An ogre mage (D:11)
  An unseen horror (D:11)
  2 ugly things
  A cyclops (D:11)
  Maurice (D:10)
  Joseph (D:7)
  A gargoyle (D:10)
  2 centaur skeletons (D:11)
  Maggie (D:7)
  A kobold demonologist (D:11)
  A yaktaur (D:11)
  2 trolls
  A meliai (D:11)
  Grinder (D:6)
  4 hippogriffs
  Prince Ribbit (D:7)
  6 small abominations (Gauntlet)
  A wyvern (D:10)
  3 yaks (D:11)
  2 wraiths (D:10)
  A vampire mosquito (D:11)
  A basilisk (D:11)
  Menkaure (D:6)
  2 hungry ghosts
  2 wargs (D:10)
  A water moccasin (D:8)
  4 orc warriors
  2 ice beasts
  A two-headed ogre skeleton (D:9)
  3 black bears
  5 ogres
  2 centaurs
  4 phantoms
  A manticore skeleton (D:10)
  6 big kobolds (D:6)
  A gnoll sergeant (D:6)
  4 bullfrogs
  A wyvern skeleton (D:10)
  10 scorpions
  11 killer bees
  3 wights (D:10)
  4 howler monkeys
  5 electric eels
  2 centaur zombies
  9 crimson imps
  A bullfrog zombie (D:7)
  3 hounds
  A quasit (D:9)
  2 bullfrog skeletons
  3 orc priests
  4 jellies
  11 orc wizards
  Crazy Yiuf (D:7)
  3 iguanas
  2 killer bee zombies
  8 worker ants
  5 hound skeletons
  Robin (D:4)
  A howler monkey skeleton (D:9)
  2 worker ant zombies
  8 adders
  15 gnolls
  A shadow imp (D:10)
  5 oozes (D:9)
  6 adder skeletons
  6 worms
  4 dart slugs
  7 leopard geckos
  35 orcs
  A bat zombie (D:2)
  3 giant cockroaches
  17 goblins
  11 hobgoblins
  7 jackals
  50 kobolds
  2 quokkas
  2 ball pythons
  8 bats
  5 frilled lizards
  5 hobgoblin zombies (D:9)
  A jackal skeleton (D:4)
  A jackal zombie (D:6)
  A kobold skeleton (D:9)
  A kobold zombie (D:9)
  An orc skeleton (D:9)
  An orc zombie (D:9)
  A quokka skeleton (D:7)
  6 rats
379 creatures vanquished.

Vanquished Creatures (collateral kills)
  A smoke demon (Gauntlet)
  A killer bee (D:11)
2 creatures vanquished.

Vanquished Creatures (others)
  Harold (D:11)
  An electric eel (D:11)
  A goblin (D:11)
3 creatures vanquished.

Grand Total: 384 creatures vanquished

Notes
Turn   | Place    | Note
-------+----------+-------------------------------------------
     0 | D:1      | DildoBatman the Formicid Wizard began the quest for the
                  | Orb.
     0 | D:1      | Reached XP level 1. HP: 13/13 MP: 4/4
    52 | D:1      | Reached skill level 1 in Conjurations
   244 | D:1      | Reached XP level 2. HP: 19/19 MP: 1/6
   662 | D:1      | Reached XP level 3. HP: 15/24 MP: 0/7
   667 | D:1      | Learned a level 3 spell: Conjure Flame
   671 | D:1      | Learned a level 3 spell: Mephitic Cloud
   985 | D:2      | Got a clouded marble ring
   998 | D:2      | Identified the ring "Xuxt" {*Tele Dex+3} (You found it on
                  | level 2 of the Dungeon)
  1220 | D:2      | Found an ancient bone altar of Kikubaaqudgha.
  1228 | D:2      | Became a worshipper of Kikubaaqudgha
  1287 | D:2      | Reached XP level 4. HP: 30/30 MP: 1/8
  1637 | D:2      | Found a shimmering blue altar of Sif Muna.
  1637 | D:2      | Found a blossoming altar of Fedhas.
  1987 | D:3      | Reached * piety under Kikubaaqudgha
  1987 | D:3      | Identified Kikubaaqudgha's Tome of Evil Secrets
                  | (Kikubaaqudgha gifted it to you on level 3 of the Dungeon)
  1987 | D:3      | Received a gift from Kikubaaqudgha
  2078 | D:3      | Reached XP level 5. HP: 32/35 MP: 9/9
  2523 | D:4      | Reached skill level 1 in Fire Magic
  2534 | D:4      | Reached skill level 1 in Air Magic
  2535 | D:4      | Noticed an ogre
  2654 | D:4      | Killed an ogre
  2654 | D:4      | Reached XP level 6. HP: 35/41 MP: 3/10
  2729 | D:4      | Noticed Robin
  2739 | D:4      | Killed Robin
  2758 | D:4      | Noticed a phantom
  2901 | D:4      | Reached ** piety under Kikubaaqudgha
  2937 | D:4      | Noticed an ogre
  2973 | D:4      | Killed an ogre
  2973 | D:4      | Reached XP level 7. HP: 42/46 MP: 5/11
  3212 | D:4      | Reached skill level 5 in Conjurations
  3242 | D:4      | Found Cejif's General Store.
  3351 | D:5      | Entered Level 5 of the Dungeon
  3627 | D:5      | Found Panasoga's Weapon Shoppe.
  3859 | D:5      | Reached XP level 8. HP: 52/52 MP: 6/12
  4238 | D:3      | Reached *** piety under Kikubaaqudgha
  4238 | D:3      | Identified Kikubaaqudgha's Reference Book on Darkness
                  | (Kikubaaqudgha gifted it to you on level 3 of the Dungeon)
  4238 | D:3      | Received a gift from Kikubaaqudgha
  4638 | D:6      | Found a staircase to the Ecumenical Temple.
  4648 | D:6      | Noticed Grinder
  4987 | D:6      | Reached skill level 5 in Fire Magic
  5055 | D:6      | Found a glowing golden altar of the Shining One.
  5056 | D:6      | Found an ornate altar of the Wu Jian Council.
  5074 | D:6      | Found a bloodstained altar of Trog.
  5165 | D:6      | Noticed Menkaure
  5277 | D:6      | Killed Menkaure
  5277 | D:6      | Reached skill level 5 in Air Magic
  5277 | D:6      | Reached XP level 9. HP: 58/58 MP: 4/13
  5316 | D:6      | Reached skill level 1 in Fighting
  5316 | D:6      | Reached skill level 1 in Armour
  5586 | D:6      | Reached **** piety under Kikubaaqudgha
  6145 | D:6      | Reached skill level 5 in Dodging
  6303 | D:6      | Killed Grinder
  6570 | D:7      | Noticed Maggie
  6611 | D:7      | Noticed Joseph
  7022 | D:7      | Noticed Prince Ribbit
  7074 | D:7      | Reached XP level 10. HP: 69/73 MP: 10/14
  7109 | D:7      | Killed Joseph
  7109 | D:7      | Reached ***** piety under Kikubaaqudgha
  7109 | D:7      | Reached skill level 1 in Necromancy
  7164 | D:7      | Killed Maggie
  7164 | D:7      | Reached skill level 5 in Fighting
  7164 | D:7      | Reached skill level 5 in Armour
  7360 | D:7      | Killed Prince Ribbit
  7496 | D:7      | Identified the +6 quarterstaff of the Dwarven Hall {vorpal,
                  | rPois rN+}
  7727 | D:7      | Found a runed translucent door.
  7727 | D:7      | Noticed Crazy Yiuf
  7895 | D:7      | Killed Crazy Yiuf
  7941 | D:7      | Learned a level 3 spell: Vampiric Draining
  7944 | D:7      | Learned a level 2 spell: Sublimation of Blood
  7949 | D:7      | Learned a level 4 spell: Dispel Undead
  8131 | D:8      | Reached skill level 5 in Spellcasting
  8155 | D:8      | Found a staircase to the Lair.
  8249 | D:8      | Noticed a purple ugly thing
  8415 | D:8      | Killed a purple ugly thing
  8687 | D:9      | Reached XP level 11. HP: 51/80 MP: 12/20
  8688 | D:9      | Reached skill level 5 in Necromancy
  8929 | D:9      | Found a glowing golden altar of the Shining One.
  9520 | D:10     | Entered Level 10 of the Dungeon
  9588 | D:9      | Learned a level 5 spell: Borgnjor's Vile Clutch
  9683 | D:10     | Noticed Josephine
  9692 | D:10     | Reached skill level 1 in Earth Magic
  9698 | D:10     | Reached ****** piety under Kikubaaqudgha
  9713 | D:9      | Received a gift from Kikubaaqudgha
  9799 | Temple   | Entered the Ecumenical Temple
  9935 | Temple   | Fell from the grace of Kikubaaqudgha
  9935 | Temple   | Became a worshipper of Gozag Ym Sagoz the Greedy
 10017 | D:4      | Bought a potion of mutation for 96 gold pieces
 10017 | D:4      | Bought 3 scrolls of remove curse for 108 gold pieces
 10017 | D:4      | Bought a potion of resistance for 120 gold pieces
 10030 | D:4      | Gained mutation: Your magical capacity is low. (-10% MP)
                  | [potion of mutation]
 10030 | D:4      | Gained mutation: Your muscles are strong. (Str +2) [potion
                  | of mutation]
 10030 | D:4      | Gained mutation: You are covered in fur. (AC +1) [potion of
                  | mutation]
 10245 | D:10     | Got a translucent dagger
 10246 | D:10     | Identified the +3 dagger "Qavuph" {flame, *Slow +Inv rN+++
                  | Str-5} (You found it on level 10 of the Dungeon)
 10337 | D:10     | Found a portal to a secret trove of treasure.
 10547 | D:10     | Reached skill level 5 in Earth Magic
 10947 | D:10     | Noticed Maurice
 10981 | D:10     | Killed Maurice
 11057 | D:10     | Found a staircase to the Orcish Mines.
 11588 | D:11     | Noticed an unseen horror
 11599 | D:11     | Killed an unseen horror
 11659 | D:11     | Reached XP level 12. HP: 54/86 MP: 3/20
 11719 | D:11     | Found a gate leading to a gauntlet.
 11738 | D:11     | Noticed Harold
 11773 | D:11     | Noticed an ogre mage
 11776 | D:11     | Killed Harold
 11782 | D:11     | Killed an ogre mage
 11782 | D:11     | Reached skill level 1 in Shields
 11782 | D:11     | Noticed a two-headed ogre
 11816 | Gauntlet | Entered a Gauntlet
 11816 | Gauntlet | Found a transporter.
 11816 | Gauntlet | Found a transporter.
 11818 | Gauntlet | Found a transporter.
 11820 | Gauntlet | Found a transporter.
 11833 | Gauntlet | Found a transporter.
 11835 | Gauntlet | Found a transporter.
 11845 | Gauntlet | Noticed a sixfirhy
 11845 | Gauntlet | Noticed a sixfirhy
 11847 | Gauntlet | Found a transporter.
 11847 | Gauntlet | Found a transporter.
 11847 | Gauntlet | Found a transporter.
 11847 | Gauntlet | Noticed a sixfirhy
 11847 | Gauntlet | Noticed a sixfirhy
 11873 | Gauntlet | Found a transporter.
 11873 | Gauntlet | Found a transporter.
 11943 | Gauntlet | Got a vibrating lead ring
 11950 | Gauntlet | Identified the ring "Fenet" {rPois rC+ MR+} (You found it
                  | in a Gauntlet)
 11969 | Gauntlet | Reached skill level 5 in Shields
 11998 | Gauntlet | HP: 3/86 [large abomination (29)]
 11999 | Gauntlet | Mangled by a large abomination

Illustrated notes

Levels and vault maps discovered:
D:1:      nzn_arrival_settlement, layout_basic
D:2:      layout_basic, lemuel_zombie_altar_kikubaaqudgha,
          nicolae_overflow_hidden_temple, dk_noncrumbling_2
D:3:      layout_basic, st_stairs_8
D:4:      layout_rooms, serial_shops, shop_fountains, kennysheep_crisscross,
          minmay_manual_moon, uniq_robin
D:5:      layout_basic, serial_shops, shop, first_ration
D:6:      minmay_goblin_kobold_castle, layout_basic, grunt_temple_overflow_open,
          minmay_temple_entry_wispy, uniq_grinder, uniq_menkaure
D:7:      layout_cave_pools, uniq_crazy_yiuf_cottage, uniq_prince_ribbit1,
          uniq_joseph, uniq_maggie
D:8:      layout_gridville, lair_entry_dummy
D:9:      layout_roguey, hangedman_little_slice_of_home,
          grunt_decor_mini_mirrors, palyth_stone_intersect,
          nicolae_tso_besieged_by_evil
D:10:     layout_roguey, david_orc_1_choice, nicolae_trove_entry_crossroad,
          st_stairs_10, uniq_josephine, uniq_maurice
D:11:     minmay_the_grid_four_pointed_star_mashed
          [minmay_the_grid_triangle_9x9_sprig,
          minmay_the_grid_triangle_9x9_flanged_cone,
          minmay_the_grid_triangle_9x9_descending_squares,
          minmay_the_grid_triangle_9x9_cache, minmay_the_grid_prize_trominoes],
          layout_basic, gauntlet_entry_generic, enter_bailey_3, bh_chokoban,
          nrook_campfire, uniq_harold
Temple:   regret_index_temple_sphere_string
Gauntlet: gammafunk_gauntlet_hard_choice [gammafunk_gauntlet_arena_hedges,
          nicolae_gauntlet_swirl, gammafunk_gauntlet_arena_teeth,
          gammafunk_gauntlet_arena_open, nicolae_gauntlet_arena_blocks,
          nicolae_gauntlet_arena_flowing_pool, gauntlet_exit_watery]

Skill      XL: |  1  2  3  4  5  6  7  8  9 10 11 12 |
---------------+-------------------------------------+-----
Conjurations   | 1 2 3 4 5 6 |  6.0
Fire Magic     | 2 3 5 |  5.0
Air Magic      | 1 2 3 5 |  5.0
Dodging        | 2 6 7 |  7.0
Fighting       | 4 5 |  5.6
Armour         | 4 5 |  5.6
Necromancy     | 4 7 9 |  9.0
Spellcasting   | 6 7 |  7.0
Earth Magic    | 8 9 |  9.0
Shields        | 5 |  5.4
Stealth        | |  2.4
Summonings     | |  1.0
Translocations | |  0.8

Action                   |  1- 3 |  4- 6 |  7- 9 | 10-12 || total
-------------------------+-------+-------+-------+-------++-------
Melee: Short sword       |    44 |    73 |   224 |    28 ||   369
       Dagger            |       |       |     3 |    15 ||    18
       Quarterstaff      |       |       |       |   301 ||   301
       Trident           |       |       |       |    48 ||    48
 Fire: Hunting sling     |       |    13 |    54 |     8 ||    75
Throw: Stone             |       |     1 |       |       ||     1
       Dart              |       |       |    19 |     3 ||    22
 Cast: Magic Dart        |    74 |    76 |   124 |    61 ||   335
       Conjure Flame     |       |     3 |    19 |    61 ||    83
       Mephitic Cloud    |       |     2 |    38 |    52 ||    92
       Dispel Undead     |       |       |       |     9 ||     9
       Vampiric Draining |       |       |       |     5 ||     5
       Borgnjor's Vile C |       |       |       |    10 ||    10
       Sublimation of Bl |       |       |       |     2 ||     2
Invok: Receive Necronomi |       |       |       |     1 ||     1
       Potion Petition   |       |       |       |     2 ||     2
 Abil: Dig               |       |     3 |    16 |    25 ||    44
Evoke: Wand              |       |       |       |    10 ||    10
  Use: Scroll            |       |       |       |    13 ||    13
       Potion            |       |       |       |     9 ||     9
 Stab: Sleeping          |       |     1 |       |     2 ||     3
       Confused          |       |     1 |     4 |    15 ||    20
  Eat: Chunk             |     1 |     6 |    17 |    11 ||    35
       Ration            |       |       |     1 |     4 ||     5
Armor: Robe              |    17 |    12 |    20 |       ||    49
       Steam dragon scal |       |       |       |    56 ||    56
       Ring mail         |       |       |       |    26 ||    26
       Leather armour    |       |       |       |    11 ||    11
Dodge: Dodged            |    35 |    48 |   138 |   268 ||   489
Block: Kite shield       |       |       |       |     5 ||     5
